 Dungeon Crawl Stone Soup version 0.30-a0-166-g5d06c95188 (webtiles) character file.

Game seed: 14292451233039667920

126 qw the Chopper (level 5, -1/32 HPs)
             Began as a Gargoyle Fighter on Sept 29, 2022.
             Slain by Robin
             ... wielding a +2 spear of flaming
              (2 damage)
             ... on level 2 of the Dungeon.
             The game lasted 00:00:38 (1708 turns).

qw the Chopper (Gargoyle Fighter)                   Turns: 1708, Time: 00:00:38

Health: -1/32      AC:  0    Str: 21    XL:     5   Next: 10%
Magic:  5/5        EV: 17    Int:  9    God:
Gold:   60         SH:  0    Dex: 14    Spells: 4/4 levels left

rFire   . . .      SeeInvis .    (weapon currently unavailable)
rCold   . . .      Faith    .    (shield currently unavailable)
rNeg    + . .      Spirit   .    (body armour currently unavailable)
rPois   inf        Reflect  .    (helmet currently unavailable)
rElec   .          Harm     .    (cloak currently unavailable)
rCorr   .          Rampage  .    (gloves currently unavailable)
Will    .....                    (boots currently unavailable)
Stlth   +.........               (no amulet)
HPRegen 0.10/turn                (ring currently unavailable)
MPRegen 0.09/turn                (ring currently unavailable)

@: about to teleport, bat-form, flying, very quick
A: fast, flying, no casting, sickness immunity, AC +4, tiny, negative energy
resistance 1, (electricity resistance), torment resistance 1, petrification
resistance
a: no special abilities


You were on level 2 of the Dungeon.
You were a bat.
You visited 1 branch of the dungeon, and saw 2 of its levels.

You collected 60 gold pieces.


Innate Abilities, Weirdness & Mutations

You are a bat.
You are tiny and dextrous.
You move quickly.
You are flying.
Your equipment is almost entirely melded.
You are incapable of wielding weapons or throwing items.
You cannot cast spells.
You are immune to sickness and miasma.
((Your stone body is resilient. (AC +4)))
You are immune to poison.
You resist negative energy. (rN+)
((You are resistant to electric shocks. (rElec)))
You are resistant to unholy torment.
You are immune to petrification.


   Skills:
 - Level 3.2 Fighting
 - Level 4.6 Axes
 - Level 3.2 Armour
 + Level 0.0 Dodging
 - Level 3.2 Shields


You had 4 spell levels left.
You didn't know any spells.
Your spell library was empty.

Inventory:

Hand Weapons
 e - a +0 club
 Y - a +0 war axe (melded)
Armour
 b - a +0 scale mail (melded)
 c - a +0 buckler (melded)
 i - the +2 leather armour "Umab" {rC+}
   (You found it on level 1 of the Dungeon)

   rC:        It protects you from cold.
Jewellery
 f - a ring of protection from cold (melded)
Scrolls
 g - 2 scrolls of identify {unknown}
 h - a scroll of teleportation
Potions
 a - a potion of brilliance {unknown}
 d - a potion of might
 j - a potion of attraction {unknown}
 k - a potion of resistance {unknown}
 l - a potion of magic {unknown}

Dungeon Overview and Level Annotations

Branches:
Dungeon (2/15)

Altars:

Annotations:
D:2 Robin


Message History

You kill the goblin!
You closely miss the goblin. x2
You block Robin's attack. You block the goblin's attack.
The goblin hits you with a +0 club.
You slash the goblin!
You kill the goblin!
You barely miss the goblin. The goblin barely misses you.
Robin hits you but does no damage.
You slash the hobgoblin!
You kill the hobgoblin!
You slash the goblin!
You kill the goblin!
Robin barely misses you.
Robin hits you from afar with a +2 spear of flaming.
Robin burns you. You block Robin's attack.
Things that are here:
a +0 club; a +0 dagger; a hobgoblin corpse You hit Robin.
Robin is lightly wounded.
You block Robin's attack.
You hit Robin.
Robin is heavily wounded.
Robin zaps a wand.
You turn into a bat.
Your +0 war axe melds into your body.
Your +0 buckler melds into your body.
Your +0 scale mail melds into your body.
Your ring of protection from cold melds into your body.
You hit Robin.
Robin is severely wounded.
Robin hits you with a +2 spear of flaming.
Robin burns you.
1707 ||| READING 2 scrolls of teleportation.
As you read the scroll of teleportation, it crumbles to dust.
You feel strangely unstable. Robin misses you.
You hit Robin but do no damage.
Robin is severely wounded.
Robin hits you with a +2 spear of flaming!
Robin burns you.
You die...

...##.# #.....#
..###.# # ......# ..
..%...# ... ..<%..#
....## #.....#
......### #.....#
#......### ###...#
#..gb.)### #..##
###..))..#+# ###..#
###...)).### #...###
###..)...# #.#...#
###..#.# ..###.##
#############.# ###
#..#####.............#
#
##.......#############
# #....#####


You could see Robin.

Vanquished Creatures
  A scorpion (D:2)
  2 adders (D:2)
  A worm (D:2)
  3 endoplasms
  2 giant cockroaches
  11 goblins
  6 hobgoblins
  3 quokkas
  5 ball pythons
  3 bats
  2 frilled lizards
  2 kobolds (D:1)
  3 rats
44 creatures vanquished.

Notes
Turn   | Place    | Note
-------+----------+-------------------------------------------
     0 | D:1      | qw the Gargoyle Fighter began the quest for the Orb.
     0 | D:1      | Reached XP level 1. HP: 14/14 MP: 1/1
     0 | D:1      | 0 ||| qw: Version: 0.2-a-12-gaebbb33
     0 | D:1      | 0 ||| qw: Game counter: 1055
     0 | D:1      | 0 ||| qw: Always use a shield: true
     0 | D:1      | 0 ||| qw: God list: Okawaru
     0 | D:1      | 0 ||| qw: Allow faded altars: false
     0 | D:1      | 0 ||| qw: Do Orc after D:15 true
     0 | D:1      | 0 ||| qw: Do second Lair branch before Depths: true
     0 | D:1      | 0 ||| qw: Lair rune preference: random
     0 | D:1      | 0 ||| qw: Plans: Normal, Zot:1-4, God:TSO, Crypt, Tomb,
                  | Pan, Slime:5, Hells, Abyss, Orb
     0 | D:1      | 0 ||| PLANNING D:1-11
   110 | D:1      | Reached skill level 2 in Axes
   239 | D:1      | Reached XP level 2. HP: 19/19 MP: 2/2
   318 | D:1      | Found a faded altar of an unknown god.
   327 | D:1      | Identified the +2 leather armour "Umab" {rC+}
   535 | D:1      | 535 ||| Stepping ~*~*~tactically~*~*~ (stealth).
  1135 | D:1      | 1135 ||| UPGRADING to ring of protection from cold.
  1136 | D:1      | 1136 ||| READING 2 scrolls labelled HIDEDE COMUE.
  1137 | D:1      | 1137 ||| READING 3 scrolls labelled XANETH XAOF.
  1142 | D:1      | 1142 ||| READING scroll labelled UMASEL HUVEWINUE.
  1143 | D:1      | 1143 ||| DROPPING scroll of poison.
  1172 | D:2      | Reached skill level 3 in Axes
  1172 | D:2      | Reached XP level 3. HP: 16/23 MP: 3/3
  1172 | D:2      | 1172 ||| STAIRDANCE
  1358 | D:2      | 1358 ||| Stepping ~*~*~tactically~*~*~ (stealth).
  1462 | D:2      | Noticed a scorpion
  1463 | D:2      | 1463 ||| Stepping ~*~*~tactically~*~*~ (stealth).
  1472 | D:2      | Killed a scorpion
  1473 | D:2      | Reached skill level 4 in Axes
  1473 | D:2      | Reached XP level 4. HP: 26/28 MP: 4/4
  1690 | D:2      | Reached XP level 5. HP: 32/32 MP: 5/5
  1692 | D:2      | Noticed Robin
  1706 | D:2      | HP: 8/32 [Robin/+2 spear of flaming (1)]
  1707 | D:2      | 1707 ||| READING 2 scrolls of teleportation.
  1708 | D:2      | HP: 1/32 [Robin/+2 spear of flaming (7)]
  1708 | D:2      | Slain by Robin

Levels and vault maps discovered:
D:1:      kilobyte_arrival_exit_the_forest, layout_basic,
          hellmonk_ecumenical_altar_lost_god
D:2:      minmay_razor_zed, layout_rooms, uniq_robin

Skill      XL: |  1  2  3 |
---------------+----------+-----
Axes           | 2 3 4 |  4.6
Fighting       | |  3.2
Armour         | |  3.2
Shields        | |  3.2

Action                   |  1- 3 |  4- 6 || total
-------------------------+-------+-------++-------
Melee: War axe           |    95 |    24 ||   119
       Unarmed           |       |     2 ||     2
  Use: Scroll            |     3 |     1 ||     4
Armor: Scale mail        |    39 |    17 ||    56
Dodge: Dodged            |    50 |     8 ||    58
Block: Buckler           |    22 |     7 ||    29

Table legend:
 A = Non-vault XP
 B = Vault XP
 C = Vault XP percentage of total XP
 D = Non-vault monster count
 E = Vault monster count
 F = Vault count percentage of total count
                 A         B        C        D         E       F
            +---------+---------+-------+---------+---------+-------
      Total |     159 |      22 |  12.2 |      32 |      12 |  27.3
            +---------+---------+-------+---------+---------+-------
        D:1 |      26 |       0 |   0.0 |      17 |       0 |   0.0
        D:2 |     133 |      22 |  14.2 |      15 |      12 |  44.4
            +---------+---------+-------+---------+---------+-------
